 Dungeon Crawl Stone Soup version 0.21-a0-88-g13b9641 (webtiles) character file.

254769 grindst0ne the Formicid Blade (level 20, -15/151 HPs)
             Began as a Formicid Fighter on June 26, 2017.
             Was the Champion of Okawaru.
             Demolished by Soeti's ghost (18 damage)
             ... on level 4 of the Shoals.
             The game lasted 01:51:44 (39572 turns).

grindst0ne the Formicid Blade (Formicid Fighter)   Turns: 39572, Time: 01:51:44

Health: -15/151    AC: 47    Str: 23    XL:     20   Next: 56%
Magic:  0/27       EV: 10    Int:  8    God:    Okawaru [******]
Gold:   567        SH:  0    Dex: 19    Spells: 19/19 levels left

rFire    . . .     SeeInvis +   K - +6 triple sword (flame)
rCold    . . .     Gourm    .   Y - +2 shield {AC+3}
rNeg     + . .     Faith    .   E - +11 crystal plate armour "Natim" {rN+ Int+2}
rPois    +         Spirit   +   (helmet unavailable)
rElec    .         Reflect  .   D - scarf {Spirit}
rCorr    .         Harm     .   M - +2 pair of gloves {Dex+3}
MR       ++++.                  (no boots)
Stlth    ..........             S - necklace of Bloodlust {*Rage +Rage MR++ Int-3 Slay+6 *Curse} (curse)
HPRegen  0.35/turn              d - +4 ring of protection
MPRegen  0.20/turn              j - ring of poison resistance

@: confused, engulfed (cannot breathe), drained
A: permanent stasis, dig shafts and tunnels, four strong arms, antennae 3,
mutation resistance 1
}: 2/15 runes: serpentine, barnacled
a: Dig, Shaft Self, Heroism, Finesse, Renounce Religion


You were on level 4 of the Shoals.
You worshipped Okawaru.
Okawaru was exalted by your worship.
You were not hungry.

You visited 6 branches of the dungeon, and saw 32 of its levels.
You also visited: Sewer, Ossuary and Bailey.

You collected 3559 gold pieces.
You spent 2992 gold pieces at shops.

Inventory:

Hand Weapons
 v - a +6 executioner's axe of chopping
 A - the +11 falchion of the Fulmar {slice, rF+ Str+3 Dex+2}
   (Okawaru gifted it to you on level 6 of the Lair of Beasts)

   It inflicts extra damage upon your enemies.
   It affects your strength (+3).
   It affects your dexterity (+2).
   It protects you from fire.
 K - a +6 triple sword of flaming (weapon)
Missiles
 u - 10 throwing nets (quivered)
Armour
 D - a scarf of spirit shield (worn)
 E - the +11 crystal plate armour "Natim" (worn) {rN+ Int+2}
   (Okawaru gifted it to you on level 11 of the Dungeon)

   It affects your intelligence (+2).
   It protects you from negative energy.
 I - a +0 cloak of magic resistance
 M - a +2 pair of gloves of dexterity (worn)
 Y - a +2 shield of protection (worn)
Jewellery
 d - a +4 ring of protection (left hand)
 i - an uncursed ring of protection from fire
 j - a ring of poison resistance (right hand)
 o - an uncursed ring of ice
 y - an uncursed ring of fire
 S - the cursed necklace of Bloodlust (around neck) {*Rage +Rage MR++ Int-3 Slay+6 *Curse}
   (You bought it in a shop on level 2 of the Orcish Mines)

   [amulet of rage]

   It affects your intelligence (-3).
   It affects your accuracy and damage with ranged weapons and melee attacks
   (+6).
   It affects your resistance to hostile enchantments.
   It lets you go berserk.
   It may make you go berserk in combat.
   It curses itself when equipped.
   It has a curse placed upon it.
 V - an uncursed ring of positive energy
Wands
 h - a wand of acid (6/15)
 k - a wand of confusion (23/48)
 q - a wand of iceblast (3/15)
 r - a wand of clouds (2/9)
 N - a wand of iceblast (1/15)
Scrolls
 m - 4 scrolls of enchant armour
 s - 7 scrolls of fog
 w - a scroll of silence
 B - 8 scrolls of recharging
 H - 13 scrolls of remove curse
 J - 5 scrolls of magic mapping
 T - 4 scrolls of identify
 U - 3 scrolls of holy word
Potions
 a - a potion of resistance
 e - 3 potions of mutation
 l - 4 potions of lignification
 n - 4 potions of flight
 O - a potion of agility
 Q - 2 potions of cancellation
Miscellaneous
 b - a lightning rod (4/4)
 t - a lamp of fire (inert)
 P - 2 boxes of beasts
Comestibles
 c - 4 chunks of flesh
 f - 5 bread rations
 g - 19 meat rations
 p - 10 royal jellies
 x - 17 fruits


   Skills:
 - Level 11.2(11.0) Fighting
 * Level 21.6(21.4) Long Blades
 - Level 5.4(5.3) Axes
 + Level 18.0(17.8) Armour
 - Level 9.0(8.9) Dodging
 - Level 7.0(6.9) Shields
 - Level 8.3(8.1) Invocations
 - Level 9.5(9.4) Evocations


You had 19 spell levels left.
You didn't know any spells.

Dungeon Overview and Level Annotations

Branches:
Dungeon (15/15)            Temple (1/1) D:4            Lair (6/6) D:11
 Shoals (4/4) Lair:2        Snake (4/4) Lair:4        Slime (0/5) Lair:6
    Orc (2/2) D:12            Elf (0/3) Orc:2        Vaults (0/5) D:14
 Depths (0/5) D:15

Altars:
Ashenzari
Cheibriados
Dithmenos
Elyvilon
Fedhas
Gozag
Hepliaklqana
Kikubaaqudgha
Makhleb
Nemelex Xobeh
Okawaru
Qazlal
Ru
Sif Muna
Trog
Uskayaw
Vehumet
Wu Jian
Xom
Yredelemnul
Zin
The Shining One

Shops:
D:13 %   Orc:2 ([=*   Snake:1 }=}

Annotations:
D:7 exclusion: downstairs
Shoals:4 Ilsuiw; Soeti's ghost, adept NaBe


Innate Abilities, Weirdness & Mutations

You cannot be hasted, slowed, berserked, paralysed or teleported.
You can dig through walls and to a lower floor.
Your four strong arms can wield two-handed weapons with a shield.
You have a pair of large antennae on your head. (SInv)
You are somewhat resistant to further mutation.


Message History

The sea snake bites you but does no damage.
Ilsuiw hits you from afar with a trident of freezing.
* * * LOW HITPOINT WARNING * * *
Ilsuiw freezes you.
The water elemental hits your juvenile weirdox beast!
Your juvenile weirdox beast dies!
Your juvenile weirdox beast's corpse disappears in a puff of smoke!
The water elemental hits you.
* * * LOW HITPOINT WARNING * * *
Soeti's ghost barely misses you.
You riposte.
Your shield and crystal plate armour "Natim" prevent you from hitting Soeti's ghost.
Soeti's ghost is severely damaged.
You are confused.
You feel invigorated.
* * * LOW HITPOINT WARNING * * *
Your lungs strain for air!
The sea snake closely misses you. The water elemental misses you.
Ilsuiw gestures wildly while chanting.
Ilsuiw blinks!
The water elemental hits you. Soeti's ghost hits you!!
You die...

≈≈≈≈≈≈≈≈≈m ≈≈≈≈ ≈≈≈≈≈≈≈≈..
≈≈≈≈ ≈≈≈≈≈≈≈≈≈..#.≈≈≈≈
≈≈≈≈≈≈≈≈<..#.≈≈≈≈≈.≈
≈≈≈≈≈≈≈≈≈......≈≈...
≈≈≈≈≈...≈≈§.≈......P≈≈≈≈≈≈
≈≈≈≈§§##..E.≈≈≈.....≈≈≈≈≈P
≈≈≈≈§§§§§@E.≈≈≈P...P.P≈≈≈.
≈≈≈≈§§.§WES..≈≈≈≈..P..≈≈..
≈≈≈≈§§.......≈≈P≈.##.P.PP.
≈≈≈≈≈≈.......m≈≈≈≈...≈≈...
≈≈≈≈≈≈...))(≈≈≈≈≈≈≈≈≈P≈P..
≈≈≈≈≈≈.(.)[((≈≈≈≈≈≈≈≈P≈...
≈≈≈≈≈...(<[((≈≈≈≈≈≈≈≈≈....
≈≈≈≈≈≈..#()(.≈≈≈≈≈≈≈≈.....
≈≈≈≈≈≈..[(#....≈≈≈≈≈≈.....


You could see Ilsuiw, a merfolk avatar, a sea snake, 3 water elementals and
Soeti's ghost.

Vanquished Creatures
  Mara (Shoals:3)
  Rupert (Lair:4)
  2 krakens
  Gastronok (D:9)
  Kirke (D:14)
  7 nagarajas (Snake:4)
  2 orc warlords
  Aizul (Snake:3)
  Louise (Shoals:1)
  Nessos (D:15)
  3 merfolk impalers
  Snorg (Lair:4)
  2 merfolk javelineers
  Harold (Lair:4)
  3 merfolk avatars
  10 two-headed ogres
  6 hydras
  18 naga warriors
  7 anacondas
  10 merfolk aquamancers
  4 centaur warriors
  2 death knights
  3 alligator snapping turtles
  7 satyrs
  11 naga sharpshooters
  3 death yaks (D:11)
  An orc high priest (Orc:2)
  3 tengu warriors
  A vampire mage (D:15)
  5 shock serpents
  2 salamander mystics (Snake:4)
  4 skeletal warriors
  A deep elf knight (D:14)
  3 slime creatures (D:14)
  An unseen horror (D:10)
  14 sea snakes
  7 naga ritualists
  Pikel (D:8)
  A phantasmal warrior (D:14)
  7 mana vipers
  6 orc knights
  3 harpies (Shoals:3)
  A wolf spider zombie (D:13)
  A necromancer (D:14)
  5 orc sorcerers (Orc:2)
  A frost giant zombie (D:15)
  2 oklob plants
  6 ugly things
  9 salamanders
  4 deep elf magi (D:14)
  3 manticores
  A fire giant zombie (D:15)
  15 fauns
  38 black mambas
  6 elephants (Lair:6)
  A stone giant skeleton (D:15)
  A centaur zombie (D:13)
  7 merfolk sirens
  24 naga magi
  Joseph (Lair:1)
  Maurice (D:10)
  4 guardian serpents
  13 spiny frogs
  A kobold demonologist (D:14)
  4 water nymphs
  3 rime drakes
  2 gargoyles
  A freezing wraith (D:14)
  7 komodo dragons
  20 merfolk
  A tengu conjurer (D:13)
  6 trolls
  A queen bee (shapeshifter) (D:14)
  3 wind drakes
  3 polar bears (Lair:6)
  8 hornets
  A polar bear (shapeshifter) (D:13)
  26 blink frogs
  A hippogriff (shapeshifter) (D:14)
  5 dream sheep
  6 snapping turtles
  11 hippogriffs
  Sigmund (D:2)
  A shadow (D:14)
  A centaur simulacrum (D:15)
  A spriggan skeleton (D:15)
  12 spriggans (Lair:6)
  49 yaks
  3 water elementals
  5 wyverns
  8 redbacks (Snake:4)
  5 wraiths
  6 basilisks
  3 hogs (D:14)
  5 vampire mosquitoes (D:15)
  A human (shapeshifter) (D:14)
  5 hungry ghosts
  5 wargs
  13 water moccasins
  40 nagas
  2 soldier ants
  2 acid dragons
  8 porcupines
  4 black bears (Lair:6)
  37 orc warriors
  An eye of draining (D:10)
  3 ice beasts
  A necrophage (D:8)
  4 sky beasts
  30 wolves
  4 boggarts (Lair:6)
  17 ogres
  16 centaurs
  15 crocodiles
  4 big kobolds
  24 bullfrogs
  A water moccasin zombie (D:10)
  2 wyvern skeletons
  4 scorpions
  15 killer bees
  3 wights (D:9)
  An electric eel (Lair:3)
  4 howler monkeys
  7 crimson imps
  7 hounds
  8 jellies
  2 bullfrog zombies
  21 orc wizards
  Crazy Yiuf (D:7)
  9 centaur skeletons
  23 orc priests
  3 bullfrog skeletons
  3 iguanas
  Natasha (thrice) (D:3)
  8 hell rats
  8 worker ants
  A hound zombie (D:5)
  A hound skeleton (D:6)
  8 mummies (Ossuary)
  Robin (D:3)
  2 worker ant zombies
  16 adders
  A gnoll (Bailey)
  4 river rats
  3 shadow imps
  11 oozes
  2 adder skeletons
  3 worms
  A dart slug (D:3)
  6 leopard geckos
  103 orcs
  7 bats
  7 giant cockroaches
  30 goblins
  14 hobgoblins
  9 jackals
  33 kobolds
  2 quokkas
  17 ball pythons
  6 frilled lizards
  A gnoll zombie (Ossuary)
  A hobgoblin zombie (Ossuary)
  2 kobold zombies (Ossuary)
  4 orc zombies (Ossuary)
  32 rats
  4 tentacles (Shoals:2)
1224 creatures vanquished.

Vanquished Creatures (others)
  A black mamba (Snake:3)
  3 humans (D:15)
  3 slaves (D:8)
  An ice beast (D:8)
  A centaur (D:8)
  A big kobold (D:14)
  A kobold (D:8)
  A bush (Lair:6)
  20 fungi
  18 plants
  11 tentacles
  5 toadstools (D:2)
66 creatures vanquished.

Grand Total: 1290 creatures vanquished

Notes
Turn   | Place    | Note
-------+----------+-------------------------------------------
     0 | D:1      | grindst0ne the Formicid Fighter began the quest for the Orb.
     0 | D:1      | Reached XP level 1. HP: 18/18 MP: 1/1
   165 | D:1      | Reached XP level 2. HP: 24/24 MP: 2/2
   444 | D:1      | Reached XP level 3. HP: 30/30 MP: 3/3
   844 | D:2      | Found a bloodstained altar of Trog.
   926 | D:2      | Noticed Sigmund
   936 | D:2      | Killed Sigmund
   936 | D:2      | Reached skill level 5 in Shields
   936 | D:2      | Reached XP level 4. HP: 35/38 MP: 4/4
   936 | D:2      | Reached XP level 5. HP: 40/43 MP: 5/5
   936 | D:2      | Reached XP level 6. HP: 46/49 MP: 6/6
  1648 | D:2      | Reached skill level 5 in Fighting
  2179 | D:3      | Noticed Robin
  2225 | D:3      | Reached XP level 7. HP: 56/56 MP: 7/7
  2233 | D:3      | Killed Robin
  2310 | D:3      | Noticed Natasha
  2314 | D:3      | Reached skill level 5 in Armour
  2328 | D:3      | Killed Natasha
  2608 | D:3      | Noticed Natasha
  2639 | D:3      | Killed Natasha
  2871 | D:3      | Noticed Natasha
  2883 | D:3      | Killed Natasha
  3052 | D:4      | Found a basalt altar of Yredelemnul.
  3069 | D:4      | Found a glowing silver altar of Zin.
  3507 | D:4      | Found a staircase to the Ecumenical Temple.
  3523 | Temple   | Entered the Ecumenical Temple
  3582 | Temple   | Became a worshipper of Warmaster Okawaru
  3702 | D:4      | Found a hazy altar of Hepliaklqana.
  3749 | D:4      | Found a hide-covered altar of Uskayaw.
  3765 | D:4      | Found a burning altar of Makhleb.
  4198 | D:5      | Entered Level 5 of the Dungeon
  4320 | D:5      | Found a glowing drain.
  4387 | Sewer    | Entered a sewer
  4488 | Sewer    | Reached XP level 8. HP: 61/63 MP: 8/8
  4526 | Sewer    | Reached skill level 3 in Long Blades
  4836 | Sewer    | Reached * piety under Okawaru
  4836 | Sewer    | Reached skill level 4 in Long Blades
  5607 | D:5      | Reached skill level 5 in Long Blades
  5963 | D:6      | Reached XP level 9. HP: 52/68 MP: 9/9
  6101 | D:6      | Found a bloodstained altar of Trog.
  6206 | D:6      | Found a sand-covered staircase.
  6216 | Ossuary  | Entered an ossuary
  6822 | D:6      | Reached ** piety under Okawaru
  6822 | D:6      | Reached skill level 6 in Long Blades
  7518 | D:7      | Gained mutation: You expend magic power (3 MP) to strengthen your wands. [mutagenic meat]
  7519 | D:7      | Gained mutation: You are weak. (Str -2) [mutagenic meat]
  7520 | D:7      | Gained mutation: Armour fits poorly on your strangely shaped body. [mutagenic meat]
  7522 | D:7      | Gained mutation: Your magical capacity is low. (-10% MP) [mutagenic meat]
  7523 | D:7      | Gained mutation: You are dopey. (Int -2) [mutagenic meat]
  7524 | D:7      | Lost mutation: Your magical capacity is low. (-10% MP) [potion of mutation]
  7524 | D:7      | Lost mutation: You expend magic power (3 MP) to strengthen your wands. [potion of mutation]
  7524 | D:7      | Lost mutation: You are weak. (Str -2) [potion of mutation]
  7524 | D:7      | Lost mutation: You are dopey. (Int -2) [potion of mutation]
  7524 | D:7      | Gained mutation: You are dopey. (Int -2) [potion of mutation]
  7524 | D:7      | Gained mutation: You are covered in fur. (AC +1) [potion of mutation]
  7525 | D:7      | Lost mutation: Armour fits poorly on your strangely shaped body. [potion of mutation]
  7525 | D:7      | Lost mutation: You are dopey. (Int -2) [potion of mutation]
  7525 | D:7      | Gained mutation: Your system is resistant to poisons. (rPois) [potion of mutation]
  7525 | D:7      | Gained mutation: Scrolls take you a little longer to read. [potion of mutation]
  7525 | D:7      | Gained mutation: Your mind is acute. (Int +2) [potion of mutation]
  7526 | D:7      | Lost mutation: Scrolls take you a little longer to read. [potion of mutation]
  7526 | D:7      | Lost mutation: Your system is resistant to poisons. (rPois) [potion of mutation]
  7526 | D:7      | Lost mutation: Your mind is acute. (Int +2) [potion of mutation]
  7526 | D:7      | Lost mutation: You are covered in fur. (AC +1) [potion of mutation]
  7526 | D:7      | Gained mutation: You are somewhat resistant to further mutation. [potion of mutation]
  7718 | D:7      | Found a runed door.
  7722 | D:7      | Noticed Crazy Yiuf
  7728 | D:7      | Killed Crazy Yiuf
  7884 | D:7      | Reached skill level 7 in Long Blades
  8378 | D:8      | Noticed Pikel
  8412 | D:8      | Killed Pikel
  8412 | D:8      | Reached *** piety under Okawaru
  8412 | D:8      | Reached XP level 10. HP: 64/77 MP: 10/10
  8542 | D:8      | Reached skill level 8 in Long Blades
  8623 | D:8      | Reached skill level 10 in Armour
  8806 | D:8      | Noticed a two-headed ogre
  9229 | D:8      | Killed a two-headed ogre
  9229 | D:8      | Reached **** piety under Okawaru
  9332 | D:9      | Noticed Gastronok
  9345 | D:8      | Reached skill level 1 in Evocations
  9426 | D:9      | Killed Gastronok
  9426 | D:9      | Reached ***** piety under Okawaru
  9426 | D:9      | Reached skill level 9 in Long Blades
  9426 | D:9      | Reached XP level 11. HP: 64/86 MP: 10/13
  9791 | D:9      | Reached skill level 10 in Long Blades
  9829 | D:9      | Found a sacrificial altar of Ru.
  9854 | D:9      | Reached ****** piety under Okawaru
 10143 | D:9      | Received a gift from Okawaru
 10152 | D:9      | Got a translucent quarterstaff {god gift}
 10158 | D:9      | Identified the +11 quarterstaff "Gobbidump" {speed, rPois} (Okawaru gifted it to you on level 9 of the Dungeon)
 10447 | D:10     | Entered Level 10 of the Dungeon
 10532 | D:9      | Paralysed by fainting for 10 turns
 10945 | D:10     | Noticed Maurice
 10960 | D:10     | Killed Maurice
 10960 | D:10     | Reached skill level 5 in Evocations
 11138 | D:10     | Noticed an unseen horror
 11154 | D:10     | Killed an unseen horror
 11166 | D:10     | Noticed a two-headed ogre
 11185 | D:10     | Killed a two-headed ogre
 11769 | D:11     | Noticed a two-headed ogre
 11771 | D:11     | Killed a two-headed ogre
 11771 | D:11     | Received a gift from Okawaru
 11771 | D:11     | Reached skill level 10 in Fighting
 11774 | D:11     | Got a shimmering crystal plate armour {god gift}
 11785 | D:11     | Identified the +11 crystal plate armour "Natim" {rN+ Int+2} (Okawaru gifted it to you on level 11 of the Dungeon)
 11830 | D:11     | Found a sacrificial altar of Ru.
 11856 | D:11     | Noticed a brown ugly thing
 11873 | D:11     | Killed a brown ugly thing
 11887 | D:11     | Noticed a death yak
 11889 | D:11     | Found a staircase to the Lair.
 11895 | D:11     | Noticed a death yak
 11895 | D:11     | Noticed a death yak
 11913 | D:11     | Killed a death yak
 11913 | D:11     | Reached XP level 12. HP: 73/98 MP: 14/17
 11921 | D:11     | Killed a death yak
 11929 | D:11     | Killed a death yak
 12635 | D:11     | Noticed an eight-headed hydra
 12641 | D:11     | Killed an eight-headed hydra
 12814 | D:11     | Noticed a death knight
 12847 | D:11     | Killed a death knight
 12858 | D:11     | Reached skill level 11 in Long Blades
 12912 | D:11     | Identified a scroll of acquirement
 13248 | Lair:1   | Entered Level 1 of the Lair of Beasts
 13288 | Lair:1   | Noticed a four-headed hydra
 13296 | Lair:1   | Killed a four-headed hydra
 13440 | Lair:1   | Noticed Joseph
 13460 | Lair:1   | Killed Joseph
 13464 | Lair:1   | Reached XP level 13. HP: 81/106 MP: 14/20
 13611 | Lair:1   | Received a gift from Okawaru
 14030 | Lair:1   | Reached skill level 12 in Long Blades
 14788 | Lair:2   | Received a gift from Okawaru
 14892 | Lair:2   | Found a staircase to the Shoals.
 15091 | Lair:2   | Reached skill level 13 in Long Blades
 15604 | Lair:3   | Identified Sif Muna's Papyrus of Creative Enhancements
 15634 | Lair:3   | Noticed a five-headed hydra
 15637 | Lair:3   | Killed a five-headed hydra
 15711 | Lair:3   | Received a gift from Okawaru
 16710 | Lair:4   | Reached skill level 14 in Long Blades
 16931 | Lair:4   | Found a staircase to the Snake Pit.
 16950 | Lair:4   | Reached XP level 14. HP: 113/113 MP: 21/21
 16964 | Lair:4   | Reached skill level 1 in Invocations
 16980 | Lair:4   | Noticed Snorg
 17007 | Lair:4   | Killed Snorg
 17452 | Lair:4   | Noticed Harold
 17464 | Lair:4   | Noticed Rupert
 17467 | Lair:4   | Killed Harold
 17467 | Lair:4   | Received a gift from Okawaru
 17498 | Lair:4   | Killed Rupert
 18676 | Lair:5   | Reached skill level 15 in Long Blades
 18919 | Lair:6   | Entered Level 6 of the Lair of Beasts
 18934 | Lair:6   | Received a gift from Okawaru
 18937 | Lair:6   | Identified the +11 falchion of the Fulmar {slice, rF+ Str+3 Dex+2} (Okawaru gifted it to you on level 6 of the Lair of Beasts)
 19053 | Lair:6   | Found a staircase to the Slime Pits.
 19168 | Lair:6   | Reached skill level 5 in Invocations
 19754 | Lair:6   | Reached XP level 15. HP: 71/119 MP: 22/22
 20301 | Lair:6   | Received a gift from Okawaru
 20756 | Lair:6   | Reached skill level 16 in Long Blades
 21571 | D:12     | Found a hide-covered altar of Uskayaw.
 21611 | D:12     | Found an iron altar of Okawaru.
 21821 | D:12     | Found a staircase to the Orcish Mines.
 22299 | D:13     | Found Iding's Food Shoppe.
 22330 | D:13     | Reached skill level 1 in Dodging
 23201 | D:14     | Received a gift from Okawaru
 24174 | D:14     | Found a gate to the Vaults.
 24240 | D:14     | Reached XP level 16. HP: 125/125 MP: 23/23
 24307 | D:14     | Reached skill level 17 in Long Blades
 24491 | D:14     | Found a glowing golden altar of the Shining One.
 24674 | D:15     | Entered Level 15 of the Dungeon
 24681 | D:15     | Noticed Kirke
 24754 | D:14     | Killed Kirke
 25440 | D:15     | Found a staircase to the Depths.
 25642 | D:15     | Noticed Nessos
 25661 | D:15     | Received a gift from Okawaru
 25688 | D:15     | Killed Nessos
 26123 | Orc:1    | Entered Level 1 of the Orcish Mines
 26226 | Orc:1    | Found a flagged portal.
 26264 | Bailey   | Entered a bailey
 26339 | Bailey   | Reached skill level 15 in Armour
 26342 | Bailey   | Found a runed gate.
 26342 | Bailey   | Found a runed gate.
 26342 | Bailey   | Found a runed gate.
 26581 | Bailey   | Reached skill level 5 in Axes
 26581 | Bailey   | Reached XP level 17. HP: 131/131 MP: 24/24
 27154 | Orc:2    | Entered Level 2 of the Orcish Mines
 27192 | Orc:2    | Reached skill level 5 in Dodging
 27373 | Orc:2    | Found Nyjaff's Antique Armour Boutique.
 27470 | Orc:2    | Reached skill level 18 in Long Blades
 27788 | Orc:2    | Found Ryduopt's Antique Weapon Shoppe.
 27953 | Orc:2    | Found a staircase to the Elven Halls.
 28050 | Orc:2    | Found Asosapol's Jewellery Shoppe.
 28083 | Orc:2    | Bought the cursed necklace of Bloodlust {*Rage +Rage MR++ Int-3 Slay+6 *Curse} for 1038 gold pieces
 28111 | Orc:2    | Found Dexkov's General Store.
 28126 | Orc:2    | Bought a scroll of enchant weapon for 135 gold pieces
 28126 | Orc:2    | Bought a scroll of fear for 63 gold pieces
 28517 | Snake:1  | Entered Level 1 of the Snake Pit
 28545 | Snake:1  | Received a gift from Okawaru
 28628 | Snake:1  | Identified Meunteol's Collected Works on Gliding Darkness
 28942 | Snake:1  | Reached XP level 18. HP: 113/138 MP: 21/25
 29361 | Orc:2    | Bought an uncursed ring of poison resistance for 300 gold pieces
 29623 | Snake:1  | Found Qeku Pimm's Gadget Boutique.
 29624 | Snake:1  | Found Saohi's Jewellery Shoppe.
 29626 | Snake:1  | Found Fazib's Gadget Boutique.
 29636 | Snake:1  | Bought a wand of clouds (4/9) for 336 gold pieces
 29636 | Snake:1  | Bought a lamp of fire for 560 gold pieces
 29636 | Snake:1  | Bought a box of beasts for 280 gold pieces
 29636 | Snake:1  | Bought a sack of spiders for 280 gold pieces
 30261 | Snake:2  | Received a gift from Okawaru
 31131 | Snake:3  | Noticed Aizul
 31153 | Snake:3  | Killed Aizul
 31426 | Snake:3  | Reached skill level 19 in Long Blades
 31961 | Snake:4  | Entered Level 4 of the Snake Pit
 32955 | Snake:4  | Found a basalt altar of Yredelemnul.
 33153 | Snake:4  | Received a gift from Okawaru
 33210 | Snake:4  | Reached XP level 19. HP: 79/144 MP: 26/26
 33545 | Snake:4  | Got a polished shield {god gift}
 33702 | Snake:4  | Identified the +2 shield of Refuge {rF- MP+9 Stlth+} (Okawaru gifted it to you on level 4 of the Snake Pit)
 33979 | Snake:4  | Got a serpentine rune of Zot
 34150 | Snake:4  | Reached skill level 20 in Long Blades
 34985 | Shoals:1 | Entered Level 1 of the Shoals
 35416 | Shoals:1 | Noticed Louise
 35461 | Shoals:1 | Killed Louise
 35805 | Shoals:1 | Received a gift from Okawaru
 36764 | Shoals:2 | Received a gift from Okawaru
 37091 | Shoals:3 | Reached XP level 20. HP: 106/151 MP: 24/27
 37301 | Shoals:3 | Noticed Mara
 37314 | Shoals:3 | Killed Mara
 37314 | Shoals:3 | Reached skill level 21 in Long Blades
 38129 | Shoals:4 | Entered Level 4 of the Shoals
 39004 | Shoals:4 | Received a gift from Okawaru
 39014 | Shoals:4 | Got a barnacled rune of Zot
 39027 | Shoals:4 | Noticed Ilsuiw
 39231 | Shoals:4 | Noticed Soeti's ghost (adept NaBe)
 39571 | Shoals:4 | HP: 6/151 [Ilsuiw/trident of freezing (2)]
 39571 | Shoals:4 | HP: 2/151 [water elemental[Ilsuiw] (4)]
 39572 | Shoals:4 | Demolished by Soeti's ghost

Vault maps used:
D:1:      tarquinn_simple_flora_water_f
D:2:      cheibrodos_fertilizer, old_standard_altar, uniq_sigmund
D:3:      uniq_natasha, uniq_robin
D:4:      yredelemnul_altar_generic, nicolae_overflow_quartered_altars,
          minmay_temple_entry_trees, serial_bayou_lake_a
D:5:      cheibrodos_sewer_entry_sluice, first_bread, hangedman_decor_growths
D:6:      chequers_ossuary_entry_cave, trog_three_pillars_becter
D:7:      grunt_ogre_cave, uniq_crazy_yiuf_cottage
D:8:      bh_walls_and_bars, uniq_pikel
D:9:      old_standard_altar, uniq_gastronok
D:10:     uniq_maurice
D:11:     dpeg_lair_monsters, basic_altar
D:12:     hiddenorc1_lemuel, hangedman_feature_mirror
D:13:     serial_shops, kennysheep_mini_moat
D:14:     hangedman_vaults_entry_quadrant_bands, nicolae_tso_carved_into_rock
D:15:     gammafunk_depths_entry_grave, corexii_leaking_fountain, uniq_kirke,
          uniq_nessos
Temple:   eino_wide_crystal_templ
Lair:1:   st_stairs_7, uniq_joseph
Lair:2:   minmay_shoals_entry_lonely_mermaid
Lair:3:   fungi_pond_lemuel, infiniplex_staircase_pool, grunt_megastairs_5,
          lemuel_fruit_fields
Lair:4:   minmay_snake_entry_guardpost_small, beast_lair_carwin_4, uniq_snorg,
          uniq_rupert, uniq_harold
Lair:6:   minmay_lair_end_enchanted_forest, nicolae_slime_entry_slimehenge
Shoals:1: uniq_louise
Shoals:3: uniq_mara
Shoals:4: shoals_end_grunt_garden, shoal_ilsuiw, nicolae_shoals_aquamancer_cove
Snake:1:  special_room, minmay_shop_grove
Snake:3:  serial_bayou_pond_c, uniq_aizul
Snake:4:  snake_pit, spider_trap, statue_in_the_mist_lemuel, lemuel_oklob_altar,
          grunt_megastairs_3, basic_stair_grate_trap
Orc:1:    enter_bailey_3
Orc:2:    grunt_orc_gardens, grunt_orc_garden, grunt_orc_garden,
          grunt_orc_garden, grunt_orc_garden
Sewer:    sewer_minmay_w
Ossuary:  ossuary_tomb_3
Bailey:   bailey_axe_bossmonster_kennysheep, bailey

Skill      XL: |  1  2  3  4  5  6  7  8  9 10 11 12 13 14 15 16 17 18 19 20 |
---------------+-------------------------------------------------------------+-----
Shields        | 4 5 6 7 |  7.0
Fighting       | 4 5 6 8 10 11 | 11.2
Armour         | 4 5 7 9 10 11 12 13 14 15 16 17 18 | 18.0
Long Blades    | 5 7 9 10 11 14 15 16 17 18 19 20 21 | 21.6
Evocations     | 3 7 9 |  9.5
Invocations    | 5 8 |  8.3
Dodging        | 3 4 5 7 9 |  9.0
Axes           | 5 |  5.4

Action                   |  1- 3 |  4- 6 |  7- 9 | 10-12 | 13-15 | 16-18 | 19-21 || total
-------------------------+-------+-------+-------+-------+-------+-------+-------++-------
Melee: Long sword        |    84 |   164 |   734 |   198 |       |       |       ||  1180
       Quarterstaff      |       |       |       |   435 |   689 |   256 |       ||  1380
       Falchion          |       |       |       |       |   908 |    54 |       ||   962
       Executioner's axe |       |       |       |       |       |   147 |     7 ||   154
       Unarmed           |       |       |       |       |       |    23 |       ||    23
       Triple sword      |       |       |       |       |       |   793 |   841 ||  1634
Invok: Heroism           |       |       |       |       |     2 |     2 |     2 ||     6
       Finesse           |       |       |       |       |     1 |       |     1 ||     2
 Abil: Dig               |     2 |    10 |    29 |    23 |    20 |    31 |    18 ||   133
Evoke: Wand              |       |       |       |    21 |    17 |     5 |    11 ||    54
       Sack of spiders   |       |       |       |       |       |       |     2 ||     2
       Lamp of fire      |       |       |       |       |       |       |     1 ||     1
       Box of beasts     |       |       |       |       |       |       |     1 ||     1
  Use: Potion            |     1 |       |     7 |     4 |     6 |    16 |     9 ||    43
       Scroll            |       |     7 |    11 |    10 |     5 |    15 |     5 ||    53
 Stab: Distracted        |       |       |       |       |       |     1 |       ||     1
  Eat: Chunk             |     1 |     5 |    28 |    15 |    34 |    21 |    14 ||   118
       Bread ration      |       |       |     1 |     3 |     1 |     4 |     2 ||    11
Armor: Scale mail        |    28 |       |       |       |       |       |       ||    28
       Plate armour      |       |    68 |   404 |   138 |       |       |       ||   610
       Crystal plate arm |       |       |       |   163 |   965 |   747 |   528 ||  2403
Dodge: Dodged            |    21 |    42 |   179 |    97 |   269 |   296 |   282 ||  1186
Block: Shield            |    41 |    85 |   424 |   291 |   799 |   957 |   596 ||  3193
       Reflection        |       |       |       |       |       |     7 |       ||     7
       Rpst.: Long sword |     6 |    13 |    57 |     7 |       |       |       ||    83
       Falchion          |       |       |       |       |    36 |       |       ||    36
       Triple sword      |       |       |       |       |       |    41 |    60 ||   101
